 Dungeon Crawl Stone Soup version 0.32-a0-779-g362cfcae2a (webtiles) character file.

Game seed: 12462913621459141781

1 ragingrage the Caller (level 1, -4/13 HPs)
             Began as a Mummy Summoner on Mar 19, 2024.
             Slain by a hobgoblin (5 damage)
             ... on level 1 of the Dungeon.
             The game lasted 00:00:24 (62 turns).

ragingrage the Caller (Mummy Summoner)                Turns: 62, Time: 00:00:24

Health: -4/13      AC:  2    Str: 11    XL:     1   Next: 16%
Magic:  1/4        EV: 11    Int: 14    God:
Gold:   10         SH:  0    Dex: 12    Spells: 4/5 levels left

rFire   x . .        (no weapon)
rCold   + . .        (no shield)
rNeg    + + +        a - +0 robe
rPois   ∞            (no helmet)
rElec   .            (no cloak)
rCorr   .            (no gloves)
SInv    .            (no boots)
Will    .....        (no amulet)
Stlth   ++           (no ring)
HPRegen 0.22/turn    (no ring)
MPRegen 0.09/turn

%: faith
@: no status effects
A: cold resistance 1, negative energy resistance 3, torment resistance 2, heat
vulnerability 1, in touch with death 1, no potions, faith
a: no special abilities


You were on level 1 of the Dungeon.
You visited 1 branch of the dungeon, and saw 1 of its levels.

You collected 10 gold pieces.

Inventory:

Armour
 a - a +0 robe (worn)


   Skills:
 - Level 1.5 Dodging
 - Level 1.5 Stealth
 - Level 2.6 Spellcasting
 + Level 3.3 Summonings


You had 4 spell levels left.
You knew the following spells:

 Your Spells              Type           Power      Damage    Failure   Level
a - Summon Small Mammal   Summ           44%        N/A       5%          1

Your spell library contained the following spells:

 Spells                   Type           Power      Damage    Failure   Level
 Call Imp                 Summ           22%        N/A       9%          2
 Call Canine Familiar     Summ           11%        N/A       17%         3
 Summon Blazeheart Golem  Fire/Summ      6%         N/A       73%         4
 Summon Lightning Spire   Summ/Air       6%         N/A       73%         4


Dungeon Overview and Level Annotations

Branches:
Dungeon (1/15)

Altars:

Shops:
D:1 [


Innate Abilities, Weirdness & Mutations

You are immune to poison.
Your flesh is cold resistant. (rC+)
You are immune to negative energy. (rN+++)
You are immune to unholy pain and torment.
You are vulnerable to heat. (rF-)
You are in touch with the powers of death.
You do not drink.
You have a special connection with the divine. (Faith)


Message History

The hobgoblin misses you.
Casting: Summon Small Mammal (safe; 6% risk of failure)
Press: ? - help, Q - select action Dir - look around, f - activate Your rat bites the goblin.
The goblin hits your rat with a +0 dagger.
Your rat dies!
Your rat's corpse disappears in a puff of smoke!
The hobgoblin closely misses you.
You hit the hobgoblin but do no damage.
Your quokka closely misses the goblin.
The hobgoblin hits you. The goblin barely misses you.
What are your orders? t - Shout!
Orders for allies: a - Attack new target. r - Retreat! s - Stop attacking. g - Guard the area. f - Follow me.
Anything else - Cancel.
Gang up on whom?
Press: ? - help, Dir - move target, f - hobgoblin
Aim: a hobgoblin
Okay, then.
You hit the hobgoblin.
Your quokka closely misses the goblin.
The goblin hits you with a +0 dagger. The hobgoblin hits you.
You barely miss the hobgoblin.
You punch the hobgoblin, but do no damage.
Your quokka barely misses the goblin.
The hobgoblin misses you. x2
The goblin misses you.
You hit the hobgoblin. Your quokka misses the goblin. The hobgoblin hits you.
The goblin hits you with a +0 dagger. The hobgoblin barely misses you.
You barely miss the hobgoblin.
Your quokka barely misses the goblin.
The endoplasm closely misses your quokka.
The hobgoblin hits you.
* * * LOW HITPOINT WARNING * * *
Your quokka bites the goblin.
The goblin dies!
The hobgoblin misses you.
Casting: Summon Small Mammal (safe; 5% risk of failure)
Press: ? - help, Q - select action Dir - look around, f - activate The endoplasm hits your quokka.
Your quokka barely misses the goblin.
The hobgoblin hits you.
You die...

##.....##
#ß.....ß# #. (
##.....## ##.#.
##.....## # ...#
#ß.....ß# g.. #..#
###.....##.g..
#..# #....br...#
#..# ##..KJgg#.#
#..######.####@#..
#..K......# #g#
##.######## #.#
#.# #.# #.# #.#
#§..# #.# g#..#
>.# .J #.=. ###
..∩ ####


You could see an endoplasm (ally target), 2 hobgoblins, a goblin, a kobold, a
friendly quokka (summoned) and a friendly bat (summoned).

Vanquished Creatures (collateral kills)
  A goblin (D:1)
1 creature vanquished.

Notes
Turn   | Place    | Note
-------+----------+-------------------------------------------
     0 | D:1      | ragingrage the Mummy Summoner began the quest for the Orb.
     0 | D:1      | Reached XP level 1. HP: 13/13 MP: 4/4
    32 | D:1      | Found Coxyxuqa's Antique Armour Shop.
    62 | D:1      | Slain by a hobgoblin

Illustrated notes

Levels and vault maps discovered:
D:1:      psy_arrival_heroes, layout_loops_ring, serial_shops,
          nicolae_diamond_shop, st_stairs_3

Action                     || total
---------------------------++-------
  Melee: Unarmed           ||     5
         Punch             ||     1
   Cast: Summon Small Mamm ||     5
 Armour: Robe              ||     7
  Dodge: Dodged            ||     8

Table legend: (Time is in decaauts)
 A = Elapsed time spent in this place.
 B = Non-inter-level travel time spent in this place.
 C = Inter-level travel time spent in this place.
 D = Time resting spent in this place.
 E = Time spent auto-exploring this place.
 F = Levels seen in this place.
 G = Mean time per level.
                   A        B        C        D        E       F      G
               +--------+--------+--------+--------+--------+-----+--------+
         Total |     62 |     62 |      0 |      0 |     35 |   1 |   62.0 |
       Dungeon |     62 |     62 |      0 |      0 |     35 |   1 |   62.0 |
               +--------+--------+--------+--------+--------+-----+--------+

Top non-repeatable levels by time:
     D:1: 62 daAuts
